 Dungeon Crawl Stone Soup version bcrawl-1.26.1 (webtiles) character file.

Game seed: 9459516802122144375

145572 Freyura the Twirler (level 5, -4/42 HPs)
             Began as a Demonspawn Gladiator on July 5, 2020.
             Killed from afar by an orc wizard (6 damage)
             ... with a magic dart
             ... on level 3 of the Dungeon.
             The game lasted 00:04:41 (2898 turns).

Freyura the Twirler (Demonspawn Gladiator)          Turns: 2898, Time: 00:04:42

Health: -4/42      AC:  7    Str: 14    XL:     5   Next: 48%
Magic:  5/5        EV: 14    Int:  9    God:
Gold:   115        SH:  0    Dex: 16    Spells: 4/4 levels left

rFire    . . .     SeeInvis .   a - +0 quarterstaff
rCold    . . .     Gourm    .   (shield currently unavailable)
rNeg     . . .     Faith    .   g - +0 ring mail
rPois    .         Spirit   .   c - +0 helmet
rElec    .         Reflect  .   (no cloak)
rCorr    .         Harm     .   (no gloves)
MR       .....                  h - +0 pair of boots
Stlth    +.........             (no amulet)
HPRegen  0.14/turn              (no ring)
MPRegen  0.09/turn              (no ring)

@: no status effects
A: hooves 2, repulsion field 1
a: no special abilities


You were on level 3 of the Dungeon.
You were not hungry.

You visited 1 branch of the dungeon, and saw 3 of its levels.

You collected 115 gold pieces.

Inventory:

Hand Weapons
 a - a +0 quarterstaff (weapon)
Missiles
 d - 3 throwing nets {=f}
Armour
 c - a +0 helmet (worn)
 g - a +0 ring mail (worn)
 h - a +0 pair of boots (worn)
 j - a +0 cloak
Scrolls
 f - 8 scrolls of identify
 i - a scroll of teleportation {unknown}
 m - a scroll of enchant armour {unknown}
 n - 2 scrolls of remove curse {unknown}
 p - 3 scrolls of fear {unknown}
Potions
 b - a potion of flight {unknown}
 k - a potion of heal wounds {unknown}
 l - a potion of brilliance {unknown}
 o - a potion of curing {unknown}
Comestibles
 e - 9 rations {!d}


   Skills:
 * Level 3.7 Fighting
 * Level 3.9 Staves
 - Level 1.7 Throwing
 + Level 1.6 Armour
 + Level 3.3 Dodging


You had 4 spell levels left.
You didn't know any spells.
Your spell library was empty.

Dungeon Overview and Level Annotations

Branches:
Dungeon (3/12)

Altars:
Cheibriados
Makhleb
Okawaru
Qazlal
Sif Muna
Trog
Uskayaw
Wu Jian
The Shining One


Innate Abilities, Weirdness & Mutations

You have hoof-like feet.
You are surrounded by a mild repulsion field. (EV +2)


Message History

You are too injured to fight recklessly!
You are too injured to fight recklessly!
You thump the orc!
You kill the orc!
You hit the orc.
The orc is moderately wounded.
The orc priest invokes the aid of Beogh against you.
Beogh smites you! The orc barely misses you.
You hit the orc but do no damage.
The orc is moderately wounded.
You barely miss something.
The orc priest invokes the aid of Beogh against you.
Beogh smites you!
* * * LOW HITPOINT WARNING * * *
You hit something.
Something hits you but does no damage. x2
You closely miss something.
You hear some strange, mumbled words.
A magic dart appears from out of thin air!
The magic dart hits you.
You die...

.# .# .# .# .# .# .#
.# ###########
.#########......@{o#
.........(.#######o#
####.#.##### ...
#.#.....# .....
##.#.##### .......
###.#..# ♣♣♣8...
....##.# ♣...
###.#.## s.. #..##


You could see an orc priest and an orc.

Vanquished Creatures
  An orc priest (D:2)
  2 orc wizards (D:3)
  3 adders (D:3)
  2 oozes
  6 dart slugs
  3 leopard geckos
  10 orcs
  3 bats
  5 goblins
  10 hobgoblins
  A quokka (D:3)
  2 frilled lizards
  6 kobolds
  3 rats
57 creatures vanquished.

Notes
Turn   | Place    | Note
-------+----------+-------------------------------------------
     0 | D:1      | Freyura the Demonspawn Gladiator began the quest for the
                  | Orb.
     0 | D:1      | Reached XP level 1. HP: 16/16 MP: 1/1
   209 | D:1      | Gained mutation: You are surrounded by a mild repulsion
                  | field. (EV +2) [demonic ancestry]
   209 | D:1      | Reached XP level 2. HP: 18/22 MP: 2/2
   765 | D:1      | Found a glowing golden altar of the Shining One.
  1334 | D:2      | Gained mutation: You have large cloven feet. [demonic
                  | ancestry]
  1334 | D:2      | Reached XP level 3. HP: 28/28 MP: 3/3
  1591 | D:2      | Found an iron altar of Okawaru.
  1789 | D:2      | Found a burning altar of Makhleb.
  1789 | D:2      | Noticed a balrug
  1794 | D:2      | Noticed an orange demon
  1794 | D:2      | Noticed a hellwing
  2123 | D:2      | Reached skill level 1 in Armour
  2123 | D:2      | Reached XP level 4. HP: 12/35 MP: 4/4
  2281 | D:3      | Found a snail-covered altar of Cheibriados.
  2350 | D:3      | Found a faded altar of an unknown god.
  2449 | D:3      | Gained mutation: You have hoof-like feet. [demonic
                  | ancestry]
  2449 | D:3      | Reached XP level 5. HP: 37/41 MP: 5/5
  2573 | D:3      | Found a stormy altar of Qazlal.
  2574 | D:3      | Found a bloodstained altar of Trog.
  2575 | D:3      | Found a hide-covered altar of Uskayaw.
  2696 | D:3      | Found an ornate altar of the Wu Jian Council.
  2826 | D:3      | Found a shimmering blue altar of Sif Muna.
  2896 | D:3      | HP: 2/42 [orc priest/divine providence (11)]
  2898 | D:3      | Killed from afar by an orc wizard

Skill      XL: |  1  2  3 |
---------------+----------+-----
Staves         | 3 |  3.9
Dodging        | 3 |  3.3
Fighting       | 3 |  3.7
Armour         | 1 |  1.6
Throwing       | |  1.7

Action                   |  1- 3 |  4- 6 || total
-------------------------+-------+-------++-------
Melee: Quarterstaff      |    91 |    81 ||   172
  Eat: Chunk             |     4 |     2 ||     6
Armor: Ring mail         |    26 |    24 ||    50
Dodge: Dodged            |    60 |    59 ||   119
